 Dungeon Crawl Stone Soup version 0.32-a0-876-gcfddb08e57 (webtiles) character file.

Game seed: 13346033543884274761

114 Adrian566 the Sneak (level 4, -6/29 HPs)
             Began as an Octopode Brigand on Apr 1, 2024.
             Engulfed by an orc wizard's steam (9 damage)
             ... on level 3 of the Dungeon.
             The game lasted 00:02:20 (2433 turns).

Adrian566 the Sneak (Octopode Brigand)              Turns: 2433, Time: 00:02:20

Health: -6/29      AC:  1    Str:  8 (10) XL:     4   Next: 98%
Magic:  4/4        EV: 12    Int: 12 (13) God:
Gold:   192        SH:  0    Dex: 12 (15) Spells: 3/3 levels left

rFire   . . .        g - +2 dagger (drain)
rCold   . . .        (no shield)
rNeg    . . .        (helmet restricted)
rPois   .            (no amulet)
rElec   .            (no ring)
rCorr   .            (no ring)
SInv    .            (no ring)
Will    .....        (no ring)
Stlth   +++++        (no ring)
HPRegen 0.24/turn    (no ring)
MPRegen 0.09/turn    (no ring)
                     (no ring)

%: no passive effects
@: no status effects
A: almost no armour, amphibious, 8 rings, camouflage 1, gelatinous body 1,
nimble swimmer 1, tentacles
a: no special abilities


You were on level 3 of the Dungeon.
You visited 1 branch of the dungeon, and saw 3 of its levels.

You collected 192 gold pieces.

Inventory:

Hand Weapons
 a - a +2 dagger
 g - a +2 dagger of draining (weapon)
Missiles
 b - 9 poisoned darts (quivered)
 c - 3 curare-tipped darts
Scrolls
 d - a scroll of vulnerability {unknown}
 f - a scroll of poison {unknown}
 l - a scroll of torment {unknown}
 m - 3 scrolls of teleportation {unknown}
 n - a scroll of enchant weapon {unknown}
 o - a scroll of enchant armour {unknown}
 p - a scroll of amnesia {unknown}
Potions
 h - a potion of might {unknown}
 i - a potion of curing {unknown}
 j - a potion of heal wounds {unknown}
 k - a potion of mutation {unknown}


   Skills:
 + Level 2.2 Fighting
 + Level 2.8 Short Blades
 + Level 2.1 Throwing
 + Level 1.3 Dodging
 + Level 7.5 Stealth


You had 3 spell levels left.
You didn't know any spells.
Your spell library contained the following spells:

 Spells                   Type           Power      Damage    Failure   Level
 Mercury Vapours          Alch/Air       0%         N/A       45%         2
 Mephitic Cloud           Conj/Alch/Air  0%         N/A       69%         3
 Freezing Cloud           Conj/Ice/Air   0%         6-21      100%        5


Dungeon Overview and Level Annotations

Branches:
Dungeon (3/15)

Altars:
Elyvilon
Sif Muna

Shops:
D:1 (   D:2 :


Innate Abilities, Weirdness & Mutations

You cannot wear most types of armour.
You are amphibious.
You can wear up to eight rings at the same time.
Your skin changes colour to match your surroundings (Stealth+).
Your rubbery body absorbs attacks. (AC +1, EV +1)
You are camouflaged when in or above water. (Stealth+)
You have tentacles for arms and can constrict up to eight enemies at once.


Message History

You are too injured to fight recklessly!
You are too injured to fight recklessly!
You are too injured to fight recklessly!
You are too injured to fight recklessly!
You are too injured to fight recklessly!
You are too injured to fight recklessly!
You are too injured to fight recklessly!
You are too injured to fight recklessly!
You are too injured to fight recklessly!
You are too injured to fight recklessly!
You are too injured to fight recklessly!
You are too injured to fight recklessly!
You are too injured to fight recklessly!
You are too injured to fight recklessly!
You are too injured to fight recklessly!
You are too injured to fight recklessly!
You are too injured to fight recklessly!
You are too injured to fight recklessly!
You are too injured to fight recklessly!
You are too injured to fight recklessly!
Unknown command.
You are too injured to fight recklessly!
You closely miss the orc wizard. You grab the orc wizard.
You are engulfed in a cloud of scalding steam.
* * * LOW HITPOINT WARNING * * *
You constrict the orc wizard. You hit the orc wizard.
The orc wizard is heavily wounded.
You are engulfed in a cloud of scalding steam.
* * * LOW HITPOINT WARNING * * *
You constrict the orc wizard.
The orc wizard mumbles some strange words.
The orc wizard flickers and vanishes!
Deactivating autopickup; reactivate with Ctrl-A.
The orc wizard misses you.
It was a potion of degeneration.
There was something very wrong with that liquid.
You feel weakened.
You feel dopey.
You feel clumsy.
You are engulfed in a cloud of scalding steam.
You die...

####### ### #..
#.########.#
####....#.....
######..####.#.##.#
#.≈..#ß..##.#..##.#
#{@..'._...###....#
#o≈..#ß..##.#..####
######..####.#.#
#### ###.. ###


You could see an orc wizard.

Vanquished Creatures
  Robin (D:3)
  2 adders (D:3)
  2 dart slugs (D:3)
  A ribbon worm (D:3)
  4 orcs (D:3)
  6 endoplasms
  5 giant cockroaches
  4 hobgoblins
  5 kobolds
  A quokka (D:2)
  7 ball pythons
  5 bats
  2 frilled lizards (D:1)
  14 goblins
  15 rats
74 creatures vanquished.

Notes
Turn   | Place    | Note
-------+----------+-------------------------------------------
     0 | D:1      | Adrian566 the Octopode Brigand began the quest for the Orb.
     0 | D:1      | Reached XP level 1. HP: 14/14 MP: 1/1
   166 | D:1      | Reached XP level 2. HP: 19/19 MP: 2/2
   215 | D:1      | Reached skill level 6 in Stealth
   535 | D:1      | Found Sopod's Antique Weapon Boutique.
   559 | D:1      | Reached XP level 3. HP: 24/24 MP: 3/3
  1008 | D:2      | Found a faded altar of an unknown god.
  1123 | D:2      | Found Xaxurch's Book Emporium.
  1942 | D:3      | Found a white marble altar of Elyvilon.
  1948 | D:3      | Reached XP level 4. HP: 27/29 MP: 4/4
  2068 | D:3      | Reached skill level 7 in Stealth
  2243 | D:3      | Noticed Robin
  2268 | D:3      | Killed Robin
  2418 | D:3      | Found a shimmering blue altar of Sif Muna.
  2433 | D:3      | Engulfed by an orc wizard's steam

Illustrated notes

Levels and vault maps discovered:
D:1:      dpeg_arrival_prison, layout_basic, serial_shops,
          nicolae_shop_behind_doors, minmay_rat_gold_closets
D:2:      layout_loops_corners, serial_forest, infiniplex_forest_lined_room_3,
          infiniplex_forest_straight_1, infiniplex_forest_clump_double,
          infiniplex_forest_straight_3, infiniplex_forest_lined_2,
          infiniplex_forest_clump_diagonal, infiniplex_forest_clump_curved,
          infiniplex_forest_end_2, infiniplex_forest_lined_room_, serial_shops,
          shop, nicolae_ecumenical_snake_handling
D:3:      layout_loops_cross, elyvilon_altar_5, led_sif_book, uniq_robin

Skill      XL: |  1  2  3  4 |
---------------+-------------+-----
Stealth        | 6 7 |  7.5
Fighting       | |  2.2
Short Blades   | |  2.8
Throwing       | |  2.1
Dodging        | |  1.3

Action                     |  1- 3 |  4- 6 || total
---------------------------+-------+-------++-------
  Melee: Dagger            |    66 |    41 ||   107
         Constrict         |    10 |    12 ||    22
         Tentacles         |     5 |     6 ||    11
    Use: Potion            |       |     1 ||     1
   Stab: Sleeping          |    20 |     6 ||    26
         Distracted        |     1 |       ||     1
 Armour: Skin              |    24 |    20 ||    44
  Dodge: Dodged            |    18 |    21 ||    39

Table legend: (Time is in decaauts)
 A = Elapsed time spent in this place.
 B = Non-inter-level travel time spent in this place.
 C = Inter-level travel time spent in this place.
 D = Time resting spent in this place.
 E = Time spent auto-exploring this place.
 F = Levels seen in this place.
 G = Mean time per level.
                   A        B        C        D        E       F      G
               +--------+--------+--------+--------+--------+-----+--------+
         Total |   2419 |   2375 |     44 |      0 |   2039 |   3 |  806.3 |
       Dungeon |   2419 |   2375 |     44 |      0 |   2039 |   3 |  806.3 |
               +--------+--------+--------+--------+--------+-----+--------+

Top non-repeatable levels by time:
     D:2: 921 daAuts
     D:1: 843 daAuts
     D:3: 654 daAuts
